 Dungeon Crawl Stone Soup version 0.15-a0-1995-g7e6aeab (webtiles) character file.

85 N00bl0rd the Vexing (level 4, 0/25 HPs)
             Began as a Kobold Arcane Marksman on July 11, 2014.
             Slain by an orc priest
             ... wielding a +0 short sword
              (2 damage)
             ... on Level 3 of the Dungeon.
             The game lasted 00:08:14 (1996 turns).

N00bl0rd the Vexing (Kobold Arcane Marksman)        Turns: 1996, Time: 00:08:15

HP   0/25        AC  6     Str 10      XL: 4   Next: 75%
MP  15/15        EV 11     Int 11      God:
Gold 166         SH  0     Dex 15      Spells:  3 memorised,  0 levels left

rFire  . . .     SeeInvis .     u - +2 flail (crush)
rCold  . . .     Clarity  .     w - +0 ring mail (curse)
rNeg   . . .     rCorr    +     (no shield)
rPois  .         rRot     .     (no helmet)
rElec  .         Spirit   .     (no cloak)
SustAb .         Warding  .     m - +0 pair of gloves
rMut   .         Stasis   .     (no boots)
Gourm  .                        v - amulet of resist corrosion
MR     .....                    s - ring of magical power
                                j - ring of stealth

@: not resistant to hostile enchantments, unstealthy
A: carnivore 3
a: no special abilities


You were on level 3 of the Dungeon.
You were completely stuffed.

You visited 1 branch of the dungeon, and saw 3 of its levels.

You collected 166 gold pieces.

Inventory:

Hand weapons
 b - a +1 crossbow
 u - a +2 flail of crushing (weapon)
 x - a +0 dagger
Missiles
 c - 17 bolts
Armour
 a - a +0 robe
 m - a +0 pair of gloves (worn)
 w - a cursed +0 ring mail (worn)
Comestibles
 f - 2 meat rations
Scrolls
 h - a scroll of magic mapping
 l - a scroll of identify
 r - a scroll of remove curse {unknown}
Jewellery
 j - a ring of stealth (left hand)
 s - a ring of magical power (right hand)
 v - an amulet of resist corrosion (around neck)
Potions
 k - a potion of curing {unknown}
 n - a potion of cancellation {unknown}
 o - 2 potions of cure mutation
 p - a potion of might {unknown}
 t - a potion of restore abilities {unknown}
 z - a potion of confusion {unknown}
 A - a potion of agility {unknown}
Books
 d - a book of Debilitation

   Spells                             Type                      Level
   *Corona                            Hexes                        1
   *Slow                              Hexes                        2
   *Inner Flame                       Hexes/Fire                   3
   Enslavement                        Hexes                        4
   Cause Fear                         Hexes                        4
   Leda's Liquefaction                Hexes/Earth                  4


   Skills:
 + Level 1.3 Fighting
 + Level 0.0 Short Blades
 * Level 3.8 Crossbows
 + Level 2.5 Dodging
 + Level 1.6 Spellcasting
 - Level 4.0 Hexes


You couldn't memorise any spells.
You knew the following spells:

 Your Spells              Type           Power        Failure   Level  Hunger
a - Corona                Hex            #......      14%         1    ##.....
b - Slow                  Hex            #.......     21%         2    ###....
c - Inner Flame           Hex/Fire       #.......     82%         3    ####...


Dungeon Overview and Level Annotations

Branches:
Dungeon (3/15)

Altars:


Innate Abilities, Weirdness & Mutations

You are small and have problems with some larger weapons.
You are carnivorous and can eat meat at any time.


Message History

An orc priest and an orc wizard come into view.
Read which item? (? for menu, Esc to quit)
Okay, then.
The orc wizard shouts!
The orc priest calls down the wrath of Beogh upon you.
Something smites you! The orc wizard barely misses you.
The orc priest calls down the wrath of Beogh upon you.
Something smites you!
* * * LOW HITPOINT WARNING * * *
The orc wizard hits you but does no damage.
The orc sings a few bars from the Orcish anthem.
The orc priest becomes somewhat translucent.
You hit the orc wizard but do no damage.
The orc wizard points at you and mumbles some strange words.
The puff of flame misses you.
The puff of flame hits the orc wizard.
The orc hits you with a dagger.
* * * LOW HITPOINT WARNING * * *
The orc priest hits you with a short sword.
You die...

,*,*,,,,,* ,*
**,*,********* ###
,,,*,,,,,,,,,,,#.##### *
,*,***,*** * #.....##
,*,*,*,*,* ,,*,#......##
,*,*,*,*,*,***,#.......#
,,,*,,,*,*,,,,,#.......#
**** ***,**,*###oo.....#
,, ,,,,,,* ,*#.o@o<...##
********,*,**##......##
, ,*,,, ,*,,* ###.####
**,*, * ,*, * *.#
,,,*,,,,,*,,* *.#* *
******* , * *..* *,,,*
**** #. ****,***********
*.# ,,,,,,,,,,,,,,,,,, *


You could see an orc priest, 2 orc wizards and an orc.

Vanquished Creatures
  3 gnolls (D:2)
  A worm (D:2)
  A ball python (D:1)
  7 bats
  8 hobgoblins
  4 jackals (D:2)
  2 giant cockroaches (D:1)
  3 giant newts
  7 goblins
  5 kobolds
  A quokka (D:2)
  9 rats
51 creatures vanquished.

Notes
Turn   | Place    | Note
--------------------------------------------------------------
     0 | D:1      | N00bl0rd, the Kobold Arcane Marksman, began the quest for the Orb.
     0 | D:1      | Reached XP level 1. HP: 12/12 MP: 2/2
   373 | D:1      | Reached XP level 2. HP: 16/16 MP: 1/3
   385 | D:1      | Learned a level 2 spell: Slow
   637 | D:1      | Reached XP level 3. HP: 20/20 MP: 4/4
  1042 | D:2      | Reached XP level 4. HP: 20/25 MP: 5/6
  1091 | D:2      | Learned a level 3 spell: Inner Flame
  1528 | D:2      | Reached skill level 4 in Hexes
  1996 | D:3      | Slain by an orc priest

Action                   |  1- 3 |  4- 6 || total
-------------------------+-------+-------++-------
Melee: Crossbow          |     6 |       ||     6
       Flail             |       |    54 ||    54
 Fire: Crossbow          |    52 |     1 ||    53
 Cast: Corona            |    13 |     4 ||    17
       Slow              |     1 |     2 ||     3
  Use: Scroll            |       |     6 ||     6
 Stab: Sleeping          |     1 |     3 ||     4
  Eat: Chunk             |     9 |     4 ||    13
